 Dungeon Sprint DCSS version 0.19.0-11-g3fc08b3 (webtiles) character file.

9565 equalderp2856 the Eviscerator (level 11, 0/54 HPs)
             Began as a Felid Fighter on Nov 8, 2016.
             Slain by an emperor scorpion (3 damage)
             ... called by a spriggan druid
             ... in the Dungeon (Sprint IX: "|||||||||||||||||||||||||||||").
             The game lasted 00:26:23 (7533 turns).

equalderp2856 the Eviscerator (Felid Fighter)       Turns: 7533, Time: 00:26:24

Health: 0/54       AC:  3    Str: 20    XL:     11   Next: 24%
Magic:  0/14       EV: 35    Int:  9    God:
Gold:   1753       SH:  0    Dex: 21    Spells: 0 memorised, 10 levels left
                                        Lives:  0   Deaths: 3

rFire  . . .     SeeInvis +       - Unarmed
rCold  + . .     Gourm    .     (armour unavailable)
rNeg   . . .     Faith    .     (shield unavailable)
rPois  .         Spirit   +     (helmet unavailable)
rElec  .         Reflect  .     (cloak unavailable)
rCorr  .         Harm     .     (gloves unavailable)
MR     +....     NoTele   +     (boots unavailable)
Stlth  +++++++...               x - amulet of guardian spirit
                                r - +5 ring of strength
                                m - +3 ring of dexterity

@: lethally poisoned (0 -> -33), quick
A: no armour, no weapons or thrown items, stealth, claws 1, fangs 3, see
invisible, carnivore 3, speed 1, shaggy fur 3, slow metabolism 1, sharp paws
a: no special abilities


You were in the Dungeon.
You were not hungry.

You visited 1 branch You collected 1917 gold pieces.
You spent 164 gold pieces at shops.

Inventory:

Hand Weapons
 B - a +0 shortbow
Missiles
 C - 17 arrows
Jewellery
 m - a +3 ring of dexterity (left paw)
 n - a +3 ring of intelligence
 r - a +5 ring of strength (right paw)
 v - an uncursed ring of ice
 x - an amulet of guardian spirit (around neck)
 y - an uncursed ring of protection from fire
 z - an uncursed ring of poison resistance
 A - an uncursed ring of see invisible
Wands
 l - a wand of iceblast (7/15)
 w - a wand of random effects (8/48)
Scrolls
 j - 4 scrolls of remove curse
 k - 2 scrolls of amnesia
 s - 4 scrolls of fear
 t - a scroll of fog
 u - 2 scrolls of recharging
Potions
 a - 2 potions of might
 e - 2 potions of haste
 f - 4 potions of magic
 g - a potion of berserk rage
 i - a potion of invisibility
 o - 3 potions of resistance
 p - a potion of agility
 q - 4 potions of cure mutation
Comestibles
 b - 11 meat rations


   Skills:
 + Level 9.7 Fighting
 + Level 18.2 Dodging
 + Level 14.6 Stealth
 + Level 26.0 Unarmed Combat
 + Level 3.4 Evocations


You had 10 spell levels left.
You didn't know any spells.

Dungeon Overview and Level Annotations

Branches:
Dungeon (1/1)

Altars:
Cheibriados
Dithmenos
Elyvilon
Fedhas
Gozag
Hepliaklqana
Kikubaaqudgha
Makhleb
Nemelex Xobeh
Okawaru
Qazlal
Ru
Sif Muna
Trog
Uskayaw
Vehumet
Xom
Yredelemnul
Zin
The Shining One
Beogh
Jiyva
Lugonu

Shops:
D [*[*


Innate Abilities, Weirdness & Mutations

You cannot wear armour.
You are incapable of wielding weapons or throwing items.
Your paws allow you to move quietly. (Stealth)
You have sharp claws.
You have razor-sharp teeth.
You have supernaturally acute eyesight. (SInv)
You are carnivorous and can eat meat at any time.
You cover ground quickly.
Your thick and shaggy fur keeps you warm. (AC +3, rC+)
You have a slow metabolism.
Your sharp claws are effective at attacking unaware monsters.


Message History

The emperor scorpion is severely wounded.
You feel sick.
You claw the emperor scorpion!
The emperor scorpion is severely wounded.
You feel sick.
The emperor scorpion completely misses you.
The emperor scorpion claws you!
* * * LOW HITPOINT WARNING * * *
The emperor scorpion claws you!
* * * LOW HITPOINT WARNING * * *
You scratch the emperor scorpion but do no damage.
Your bite misses the emperor scorpion.
The emperor scorpion is severely wounded.
* * * LOW HITPOINT WARNING * * *
You feel sick.
You closely miss the emperor scorpion.
The emperor scorpion is severely wounded.
* * * LOW HITPOINT WARNING * * *
You feel sick. The emperor scorpion stings you.
You die...

▓▓▓▓▓▓▓▓▓▓▓▓▓▓▓▓▓
▓...▓...▓...▓..@▓
▓.▓.▓.▓)▓.▓.▓.▓s▓
▓'▓.▓.▓(▓.▓.▓.▓h▓
▓.▓.▓.▓(▓.▓.▓.▓†▓
▓.▓.▓'▓.▓.▓.▓.▓†▓
▓.▓.▓.▓.▓.▓.▓.▓†▓
▓.▓.▓.▓.▓.▓.▓.▓.▓
▓.▓.▓[▓.▓.▓.▓.▓.▓
▓.▓.▓[▓.▓.▓.▓.▓.▓


You could see an emperor scorpion and a raiju.

Vanquished Creatures
  Donald (D)
  Agnes (D)
  Kirke (D)
  A frost giant (D)
  A stone giant (D)
  2 entropy weavers (D)
  A hydra (D)
  A merfolk avatar (D)
  A death knight (D)
  A centaur warrior (D)
  An orc high priest (D)
  A deep troll earth mage (D)
  2 lindwurms (D)
  A glowing orange brain (D)
  A sea snake (D)
  A swamp dragon (D)
  2 orc knights (D)
  A wizard (D)
  7 orc sorcerers (D)
  2 ugly things (D)
  2 wolf spiders (D)
  A cyclops (D)
  2 manticores (D)
  2 moths of wrath (D)
  A siren (D)
  Joseph (D)
  A gargoyle (D)
  2 spiny frogs (D)
  2 komodo dragons (D)
  A yaktaur (D)
  A demonic crawler (D)
  A troll (D)
  2 blink frogs (D)
  3 snapping turtles (D)
  3 tyrant leeches (D)
  A polar bear (D)
  2 hippogriffs (D)
  2 tarantellas (D)
  2 redbacks (D)
  2 yaks (D)
  3 hogs (D)
  A basilisk (D)
  A mottled dragon (D)
  5 water moccasins (D)
  2 porcupines (D)
  9 orc warriors (D)
  2 sky beasts (D)
  2 centaurs (D)
  A crocodile (D)
  A bullfrog (D)
  A killer bee (D)
  A howler monkey (D)
  A crimson imp (D)
  A jelly (D)
  4 orc priests (D)
  10 orc wizards (D)
  2 adder skeletons (D)
  3 worms (D)
  A dart slug (D)
  A leopard gecko (D)
  7 orcs (D)
  2 bats (D)
  A bat skeleton (D)
  A kobold (D)
  A frilled lizard (D)
  2 giant cockroach zombies (D)
130 creatures vanquished.

Vanquished Creatures (others)
  3 humans (D)
3 creatures vanquished.

Grand Total: 133 creatures vanquished

Notes
Turn   | Place    | Note
-------+----------+-------------------------------------------
     0 | D        | equalderp2856 the Felid Fighter began the quest for the Orb.
     0 | D        | Reached XP level 1. HP: 10/10 MP: 2/2
    15 | D        | Reached skill level 5 in Unarmed Combat
    26 | D        | Reached XP level 2. HP: 10/14 MP: 3/3
   112 | D        | Found a roughly hewn altar of Beogh.
   112 | D        | Found a snail-covered altar of Cheibriados.
   112 | D        | Found a shadowy altar of Dithmenos.
   112 | D        | Found a white marble altar of Elyvilon.
   112 | D        | Found a blossoming altar of Fedhas.
   112 | D        | Found an opulent altar of Gozag.
   113 | D        | Found a hazy altar of Hepliaklqana.
   114 | D        | Found a viscous altar of Jiyva.
   115 | D        | Found an ancient bone altar of Kikubaaqudgha.
   116 | D        | Found a corrupted altar of Lugonu.
   117 | D        | Found a burning altar of Makhleb.
   118 | D        | Found a sparkling altar of Nemelex Xobeh.
   119 | D        | Found an iron altar of Okawaru.
   120 | D        | Found a stormy altar of Qazlal.
   121 | D        | Found a sacrificial altar of Ru.
   122 | D        | Found a deep blue altar of Sif Muna.
   123 | D        | Found a bloodstained altar of Trog.
   124 | D        | Found a hide-covered altar of Uskayaw.
   125 | D        | Found a radiant altar of Vehumet.
   126 | D        | Found a shimmering altar of Xom.
   127 | D        | Found a basalt altar of Yredelemnul.
   128 | D        | Found a glowing silver altar of Zin.
   129 | D        | Found a glowing golden altar of the Shining One.
   156 | D        | Noticed a bullfrog
   156 | D        | Noticed a killer bee
   156 | D        | Noticed a centaur
   156 | D        | Noticed a sky beast
   156 | D        | Noticed a howler monkey
   163 | D        | Killed a howler monkey
   163 | D        | Reached skill level 5 in Dodging
   163 | D        | Reached skill level 7 in Unarmed Combat
   163 | D        | Reached XP level 3. HP: 18/18 MP: 4/4
   170 | D        | Killed a sky beast
   170 | D        | Reached skill level 5 in Fighting
   170 | D        | Reached skill level 9 in Unarmed Combat
   170 | D        | Reached XP level 4. HP: 12/23 MP: 5/5
   170 | D        | Reached XP level 5. HP: 13/26 MP: 6/6
   187 | D        | Killed a centaur
   187 | D        | Reached skill level 10 in Unarmed Combat
   192 | D        | Gained mutation: You are covered in thick fur. (AC +2) [Felid growth]
   192 | D        | Reached XP level 6. HP: 17/31 MP: 7/7
   202 | D        | Reached skill level 11 in Unarmed Combat
   315 | D        | Noticed a gargoyle
   315 | D        | Noticed a yak
   315 | D        | Noticed an orc warrior
   387 | D        | Killed an orc warrior
   387 | D        | Reached skill level 12 in Unarmed Combat
   415 | D        | Killed a yak
   415 | D        | Reached XP level 7. HP: 2/35 MP: 8/8
   501 | D        | Mangled by a gargoyle
   502 | D        | Reached XP level 6. HP: -9/31 MP: 7/7
   596 | D        | Reached skill level 13 in Unarmed Combat
   652 | D        | Killed a gargoyle
   652 | D        | Reached skill level 10 in Dodging
   652 | D        | Reached skill level 14 in Unarmed Combat
   652 | D        | Reached XP level 7. HP: 33/36 MP: 8/8
   833 | D        | Noticed a komodo dragon
   833 | D        | Noticed a hippogriff
   834 | D        | Noticed a komodo dragon
   835 | D        | Reached skill level 1 in Stealth
   841 | D        | Killed a hippogriff
   841 | D        | Reached XP level 8. HP: 40/40 MP: 9/9
   844 | D        | Reached skill level 15 in Unarmed Combat
   849 | D        | Noticed a spiny frog
   850 | D        | Killed a komodo dragon
   855 | D        | Reached skill level 16 in Unarmed Combat
   859 | D        | Killed a komodo dragon
   867 | D        | Killed a spiny frog
   867 | D        | Reached XP level 9. HP: 10/43 MP: 10/10
  1075 | D        | Noticed a spiny frog
  1077 | D        | Reached skill level 17 in Unarmed Combat
  1078 | D        | Noticed a polar bear
  1083 | D        | Reached skill level 5 in Stealth
  1105 | D        | Killed a spiny frog
  1557 | D        | Killed a polar bear
  1557 | D        | Reached skill level 18 in Unarmed Combat
  1625 | D        | Noticed a lindwurm
  1625 | D        | Noticed a tyrant leech
  1625 | D        | Noticed a lindwurm
  1625 | D        | Noticed a tyrant leech
  1625 | D        | Noticed a tyrant leech
  1632 | D        | Killed a tyrant leech
  2054 | D        | Killed a tyrant leech
  2054 | D        | Reached XP level 10. HP: 48/48 MP: 11/11
  2060 | D        | Killed a lindwurm
  2320 | D        | Killed a lindwurm
  2320 | D        | Reached skill level 19 in Unarmed Combat
  2360 | D        | Noticed Joseph
  2370 | D        | Killed Joseph
  2941 | D        | Noticed an orc high priest
  2941 | D        | Noticed an orc knight
  2941 | D        | Noticed an orc knight
  2957 | D        | Noticed a smoke demon
  3334 | D        | Killed an orc knight
  3566 | D        | Killed an orc knight
  3566 | D        | Reached skill level 20 in Unarmed Combat
  3566 | D        | Reached skill level 1 in Evocations
  3799 | D        | Noticed a sixfirhy
  3800 | D        | Killed an orc high priest
  4188 | D        | Reached XP level 11. HP: 30/52 MP: 13/13
  4475 | D        | Found Jaehirot's Assorted Antiques.
  4475 | D        | Noticed an orc sorcerer
  4476 | D        | Noticed an orc sorcerer
  4477 | D        | Reached skill level 15 in Dodging
  4479 | D        | Found Jahor's Antique Armour Shop.
  4480 | D        | Paralysed by an orc sorcerer for 2 turns
  4483 | D        | Killed an orc sorcerer
  4491 | D        | Killed an orc sorcerer
  4492 | D        | Found Saugh's General Store.
  4495 | D        | Found Rabar's Antique Armour Shop.
  4498 | D        | Noticed an orc sorcerer
  4499 | D        | Noticed an orc sorcerer
  4602 | D        | Killed an orc sorcerer
  4602 | D        | Reached skill level 21 in Unarmed Combat
  4604 | D        | Paralysed by an orc sorcerer for 4 turns
  4614 | D        | Killed an orc sorcerer
  4622 | D        | Noticed an orc sorcerer
  4922 | D        | Killed an orc sorcerer
  4922 | D        | Reached skill level 10 in Stealth
  4939 | D        | Noticed an orc sorcerer
  4948 | D        | Killed an orc sorcerer
  4958 | D        | Noticed an orc sorcerer
  4965 | D        | Killed an orc sorcerer
  5145 | D        | Bought a scroll of identify for 24 gold pieces
  5149 | D        | Bought a glowing blue amulet for 140 gold pieces
  5467 | D        | Noticed a death knight
  5467 | D        | Noticed a wizard
  5467 | D        | Noticed a four-headed hydra
  5468 | D        | Noticed a centaur warrior
  5517 | D        | Killed a four-headed hydra
  5564 | D        | Killed a wizard
  5564 | D        | Reached skill level 22 in Unarmed Combat
  5588 | D        | Killed a death knight
  5592 | D        | Killed a centaur warrior
  5784 | D        | Noticed a brown ugly thing
  5785 | D        | Noticed a glowing orange brain
  5786 | D        | Noticed a frost giant
  5787 | D        | Noticed a deep troll earth mage
  5885 | D        | Noticed a green ugly thing
  5886 | D        | Noticed a stone giant
  5891 | D        | Killed a brown ugly thing
  6177 | D        | Killed a glowing orange brain
  6186 | D        | Killed a frost giant
  6186 | D        | Reached skill level 23 in Unarmed Combat
  6186 | D        | Gained mutation: Your thick and shaggy fur keeps you warm. (AC +3, rC+) [Felid growth]
  6186 | D        | Reached XP level 12. HP: 19/57 MP: 2/15
  6343 | D        | Killed a deep troll earth mage
  6383 | D        | Killed a stone giant
  6570 | D        | Noticed Kirke
  6583 | D        | Killed Kirke
  6599 | D        | Noticed Donald
  6613 | D        | Killed Donald
  6613 | D        | Reached skill level 24 in Unarmed Combat
  6816 | D        | Noticed Agnes
  6850 | D        | Killed Agnes
  6952 | D        | Noticed a merfolk avatar
  6967 | D        | Killed a merfolk avatar
  6991 | D        | Reached skill level 25 in Unarmed Combat
  7056 | D        | Noticed an entropy weaver
  7059 | D        | Reached XP level 13. HP: 60/60 MP: 16/16
  7069 | D        | Noticed an entropy weaver
  7077 | D        | Killed an entropy weaver
  7083 | D        | Killed an entropy weaver
  7209 | D        | HP: 1/61 [tyrant leech (26)]
  7231 | D        | Noticed a ghost moth
  7255 | D        | Noticed a ghost moth
  7281 | D        | HP: 2/61 [ghost moth[a spriggan druid] (11)]
  7281 | D        | Mangled by a ghost moth
  7282 | D        | Reached XP level 12. HP: -9/58 MP: 0/15
  7371 | D        | Reached skill level 26 in Unarmed Combat
  7378 | D        | Slain by a ghost moth
  7379 | D        | Reached XP level 11. HP: -4/54 MP: 0/14
  7521 | D        | Noticed an emperor scorpion
  7533 | D        | Slain by an emperor scorpion

Skill      XL: |  1  2  3  4  5  6  7  8  9 10 11 12 13 |
---------------+----------------------------------------+-----
Unarmed Combat | 5 7 9 10 14 16 18 20 23 26 | 26.0
Fighting       | 4 5 7 8 9 |  9.7
Dodging        | 5 6 7 10 11 12 13 14 16 17 18 | 18.2
Stealth        | 1 4 7 8 12 14 | 14.6
Evocations     | 1 3 |  3.4

Action                   |  1- 3 |  4- 6 |  7- 9 | 10-12 | 13-15 || total
-------------------------+-------+-------+-------+-------+-------++-------
Melee: Unarmed           |    35 |    60 |    89 |   327 |    34 ||   545
       Bite              |     2 |    11 |    16 |    51 |     6 ||    86
       Punch             |     1 |     6 |     1 |    42 |     3 ||    53
Evoke: Wand              |       |       |       |     5 |       ||     5
  Use: Potion            |       |     3 |     2 |     5 |       ||    10
       Scroll            |       |       |       |     2 |     1 ||     3
 Stab: Sleeping          |       |       |     1 |     1 |       ||     2
       Distracted        |       |       |     1 |     7 |       ||     8
  Eat: Meat ration       |       |       |       |     2 |       ||     2
       Pizza             |       |       |       |     1 |       ||     1
Armor: Skin              |     2 |     2 |       |     5 |       ||     9
Dodge: Dodged            |    24 |    48 |    62 |   193 |    30 ||   357
